 Dungeon Crawl Stone Soup version 0.21.1-1-g345015f (webtiles) character file.

9 Mgcat the Chopper (level 2, 0/23 HPs)
             Began as a Formicid Gladiator on Mar 11, 2018.
             Slain by a rat (2 damage)
             ... on level 3 of the Dungeon.
             The game lasted 00:01:25 (171 turns).

Mgcat the Chopper (Formicid Gladiator)               Turns: 171, Time: 00:01:25

Health: 0/23       AC:  3    Str: 18    XL:     2   Next: 20%
Magic:  2/2        EV: 12    Int:  7    God:
Gold:   0          SH:  0    Dex: 12    Spells: 1/1 levels left

rFire    . . .     SeeInvis +   a - +0 war axe
rCold    . . .     Gourm    .   (no shield)
rNeg     . . .     Faith    .   b - +0 leather armour
rPois    .         Spirit   .   (helmet unavailable)
rElec    .         Reflect  .   (no cloak)
rCorr    .         Harm     .   (no gloves)
MR       .....                  (no boots)
Stlth    +.........             (no amulet)
HPRegen  0.07/turn              (no ring)
MPRegen  0.08/turn              (no ring)

@: no status effects
A: permanent stasis, dig shafts and tunnels, four strong arms, antennae 3
a: Dig, Shaft Self


You were on level 3 of the Dungeon.
You were not hungry.

You visited 1 branch of the dungeon, and saw 3 of its levels.

Inventory:

Hand Weapons
 a - a +0 war axe (weapon)
 i - a +0 blowgun
   (You took it off a kobold on level 3 of the Dungeon)
Missiles
 c - 3 throwing nets {=f, !d}
 j - 15 poisoned needles
Armour
 b - a +0 leather armour (worn)
Scrolls
 e - 4 scrolls of remove curse {unknown}
 f - a scroll of amnesia {unknown}
 h - 2 scrolls of identify {unknown}
 k - a scroll of immolation {unknown}
Comestibles
 d - a ration
 g - 3 chunks of flesh {@w0}


   Skills:
 + Level 2.6 Fighting
 + Level 3.3 Axes
 - Level 2.0 Throwing
 - Level 2.6 Dodging


You had one spell level left.
You didn't know any spells.

Dungeon Overview and Level Annotations

Branches:
Dungeon (3/15)

Altars:


Innate Abilities, Weirdness & Mutations

You cannot be hasted, slowed, berserked, paralysed or teleported.
You can dig through walls and to a lower floor.
Your four strong arms can wield two-handed weapons with a shield.
You have a pair of large antennae on your head. (SInv)


Message History

You climb downwards.
There is a stone staircase leading up here.
A frilled lizard and a rat come into view.
The frilled lizard hisses angrily.
Found a ration.
Found a stone staircase leading down.
The frilled lizard misses you.
You hit the frilled lizard.
You kill the frilled lizard!
e - 4 scrolls labeled QIVED EXAIBUL (gained 2)
A dart slug comes into view.
There is a stone staircase leading down here.
You hit the dart slug.
The dart slug is severely wounded.
The dart slug barely misses you.
You hit the dart slug.
The dart slug is almost dead.
The dart slug bites you.
You slash the dart slug!
You kill the dart slug!
You have reached level 2!
You see here a dart slug corpse.
You butcher the dart slug corpse.
g - 3 chunks of flesh {@w0} (gained 1)
There is a stone staircase leading down here.
You climb downwards.
There is a stone staircase leading up here.
You see here a whip.
A kobold comes into view.
The kobold shouts!
The kobold wields a blowgun.
The kobold shoots a poisoned needle.
The poisoned needle misses you.
You see here a poisoned needle.
The kobold shoots a poisoned needle.
The poisoned needle hits you!
You are poisoned.
You see here a poisoned needle.
You feel sick.
The kobold shoots a poisoned needle.
The poisoned needle misses you.
You feel sick.
The kobold shoots a poisoned needle.
The poisoned needle closely misses you.
The kobold unwields an uncursed blowgun.
The kobold misses you.
You closely miss the kobold.
You feel sick. The kobold hits you.
You slash the kobold!
You kill the kobold!
You feel sick.
Things that are here:
an uncursed blowgun; 11 poisoned needles
i - an uncursed blowgun;
j - 11 poisoned needles You feel sick.
You feel sick.
j - 12 poisoned needles (gained 1)
You feel sick.
j - 14 poisoned needles (gained 2)
You feel sick.
j - 15 poisoned needles (gained 1)
You feel sick.
You feel sick.
You are no longer poisoned.
You swing at nothing.
You swing at nothing.
k - a scroll labeled DINGYA SOBO A goblin comes into view.
It is wielding a club.
The goblin shouts!
The goblin unwields an uncursed club.
The goblin wields a hunting sling.
The goblin shoots a stone.
The stone closely misses you.
You see here a stone.
The goblin shoots a stone.
The stone hits you.
The goblin shoots a stone.
The stone barely misses you.
You see here 2 stones.
The goblin shoots a stone.
The stone closely misses you.
You see here a stone.
You barely miss the goblin.
The goblin unwields an uncursed hunting sling.
The goblin wields an uncursed club.
The goblin misses you.
A rat comes into view.
You closely miss the goblin. The goblin closely misses you.
The goblin hits you but does no damage.
You barely miss the goblin.
The goblin hits you with an uncursed club.
You barely miss the goblin. The goblin hits you but does no damage.
You barely miss the goblin. The goblin misses you.
You barely miss the goblin.
The goblin hits you with an uncursed club.
* * * LOW HITPOINT WARNING * * *
You closely miss the goblin.
The goblin hits you with an uncursed club.
* * * LOW HITPOINT WARNING * * *
The goblin barely misses you.
You barely miss the goblin. The goblin hits you but does no damage.
You aren't carrying any potions.
Unknown command.
Okay, then.
Unknown command.
You slash the goblin!
You kill the goblin!
You barely miss the rat. The rat bites you.
* * * LOW HITPOINT WARNING * * *
You barely miss the rat. The rat misses you. The rat closely misses you.
You closely miss the rat. The rat bites you.
You die...

############
........r@.#
{
##########(#
###########.#
#...........#
{
#.###########
#.# #.# #.#
#.#


You could see a rat.

Vanquished Creatures
  A dart slug (D:2)
  A goblin (D:3)
  2 hobgoblins (D:1)
  A kobold (D:3)
  A frilled lizard (D:2)
6 creatures vanquished.

Notes
Turn   | Place    | Note
-------+----------+-------------------------------------------
     0 | D:1      | Mgcat the Formicid Gladiator began the quest for the Orb.
     0 | D:1      | Reached XP level 1. HP: 16/16 MP: 1/1
    74 | D:2      | Reached XP level 2. HP: 16/23 MP: 2/2
   166 | D:3      | HP: 2/23 [goblin/uncursed club (4)]
   171 | D:3      | Slain by a rat

Action                   || total
-------------------------++-------
Melee: War axe           ||    22
Armor: Leather armour    ||     3
Dodge: Dodged            ||    16

Vault maps used:
D:1:      dpeg_arrival_more_subterranean_lakeside_camping
D:2:      grunt_temple_overflow_open, lemuel_coloured_pillars_altar,
          amethyst_overflow_temple_binary, minmay_pentomino_p4, uniq_jessica
D:3:      first_ration

Table legend:
 A = Turns spent in this place as a percentage of turns spent in the entire game.
 B = Non-inter-level travel turns spent in this place as a percentage of non-inter-level travel turns spent in the entire game.
 C = Inter-level travel turns spent in this place as a percentage of turns spent in this place.
 D = Turns resting spent in this place as a percentage of non-inter-level travel turns spent in this place.
 E = Turns spent auto-exploring this place as a percentage of non-inter-level travel turns spent in this place.
 F = Non-inter-level travel turns spent in this place divided by the number of levels of this place that you've seen.
                   A       B       C       D       E      F
               +-------+-------+-------+-------+-------+----------------------
         Total | 100.0 | 100.0 |   0.0 |   0.0 |   0.0 |  57.0
       Dungeon | 100.0 | 100.0 |   0.0 |   0.0 |   0.0 |  57.0
               +-------+-------+-------+-------+-------+----------------------

Table legend:
 A = Kills in this place as a percentage of kills in entire the game.
 B = Kills by you in this place as a percentage of kills by you in the entire game.
 C = Kills by friends in this place as a percentage of kills by friends in the entire game.
 D = Other kills in this place as a percentage of other kills in the entire game.
 E = Experience gained in this place as a percentage of experience gained in the entire game.
 F = Experience gained in this place divided by the number of levels of this place that you have seen.
                   A       B       C       D       E      F
               +-------+-------+-------+-------+-------+----------------------
         Total | 100.0 | 100.0 |   N/A |   N/A | 100.0 |   4.3
       Dungeon | 100.0 | 100.0 |   N/A |   N/A | 100.0 |   4.3
               +-------+-------+-------+-------+-------+----------------------
